 Dungeon Crawl Stone Soup version 0.30-a0-883-g5ad918d77d (console) character file.

Game seed: 9460827749253361820

320 jejorda2 the Trooper (level 6, 0/49 HPs)
             Began as a Merfolk Berserker on Mar 15, 2023.
             Was a Believer of Trog.
             Slain by bmack86's ghost (11 damage)
             ... on level 3 of the Dungeon.
             The game lasted 00:05:45 (2314 turns).

jejorda2 the Trooper (Merfolk Berserker)            Turns: 2314, Time: 00:05:45

Health: 0/49       AC: 10    Str: 19    XL:     6   Next: 46%
Magic:  6/6        EV:  8    Int:  7    God:    Trog [**....]
Gold:   168        SH:  0    Dex: 13    Spells: 5/5 levels left

rFire   . . .      SeeInvis .    a - +0 scythe
rCold   . . .      Faith    .    (shield currently unavailable)
rNeg    . . .      Spirit   .    r - +0 chain mail
rPois   .          Reflect  .    (no helmet)
rElec   .          Rampage  .    i - +0 cloak
rCorr   .                        (no gloves)
Will    .....                    (no boots) Stlth
                                 (no amulet)
HPRegen 0.28/turn                (no ring)
MPRegen 0.10/turn                (no ring)

@: on berserk cooldown, slowed, very slow
A: (nimble swimmer 2), mertail
a: Renounce Religion, Berserk, Trog's Hand


You were on level 3 of the Dungeon.
You worshipped Trog.
Trog was pleased with you.
You visited 1 branch of the dungeon, and saw 3 of its levels.

You collected 168 gold pieces.

Inventory:

Hand Weapons
 a - a +0 scythe (weapon)
 g - a +0 quarterstaff
 k - a +0 hand axe
Missiles
 c - 25 stones (quivered)
Armour
 i - a +0 cloak (worn)
 r - a +0 chain mail (worn)
Scrolls
 d - 2 scrolls of magic mapping {unknown}
 e - a scroll of identify {unknown}
 h - a scroll of poison {unknown}
 j - a scroll of vulnerability {unknown}
 p - a scroll of silence {unknown}
 q - a scroll of noise {unknown}
Potions
 b - 2 potions of mutation {unknown}
 f - a potion of magic {unknown}
 l - a potion of attraction {unknown}
 m - a potion of cancellation {unknown}
 n - a potion of ambrosia {unknown}
 o - a potion of flight {unknown}


   Skills:
 + Level 4.4 Fighting
 * Level 4.1(4.3) Axes
 + Level 3.4(5.4) Polearms
 + Level 2.5 Armour
 - Level 2.6 Dodging


You had 5 spell levels left.
You didn't know any spells.
Your spell library was empty.

Dungeon Overview and Level Annotations

Branches:
Dungeon (3/15)

Altars:
Sif Muna

Annotations:
D:3 1 runed translucent door, bmack86's ghost, weakling MiFi


Innate Abilities, Weirdness & Mutations

((You are very nimble when in or above water. (Stealth+, EV+, Speed+++)))
Your lower body shifts to a powerful aquatic tail in water.


Message History

You hit bmack86's ghost but do no damage.
Bmack86's ghost hits you but does no damage.
You hit bmack86's ghost.
Bmack86's ghost is lightly damaged.
You hit bmack86's ghost but do no damage.
Bmack86's ghost is lightly damaged.
You are no longer berserk.
You are exhausted.
You feel yourself slow down. Bmack86's ghost hits you.
You closely miss bmack86's ghost.
Bmack86's ghost is lightly damaged.
Bmack86's ghost hits you but does no damage.
Bmack86's ghost closely misses you.
You hit bmack86's ghost.
Bmack86's ghost is moderately damaged.
Bmack86's ghost hits you but does no damage.
Bmack86's ghost hits you!
You closely miss bmack86's ghost.
Bmack86's ghost is moderately damaged.
Bmack86's ghost hits you but does no damage.
Bmack86's ghost barely misses you.
You hit bmack86's ghost.
Bmack86's ghost is heavily damaged.
Bmack86's ghost hits you! x2
* * * LOW HITPOINT WARNING * * *
You hit bmack86's ghost but do no damage.
Bmack86's ghost is heavily damaged.
Bmack86's ghost hits you but does no damage.
Bmack86's ghost closely misses you.
You hit bmack86's ghost but do no damage.
Bmack86's ghost is heavily damaged.
Bmack86's ghost barely misses you.
Bmack86's ghost hits you but does no damage.
You puncture bmack86's ghost!
Bmack86's ghost is severely damaged.
Bmack86's ghost hits you but does no damage.
You hit bmack86's ghost but do no damage.
Bmack86's ghost is severely damaged.
Bmack86's ghost barely misses you. Bmack86's ghost hits you!
You die...

#.###~~~### #.# #~~~#
######## #.###~)~#
#......###...#~~~#
#.###.#.####.#~~~#
#.##.###.##..#~~~########
#.#.## ##....#~~~#......#
#.#..###.##..##W#######.#
#.#...#..##.†..@..# #.#
#........##.#.....# #.#
##.......##.......# #.#
#...##########.### #.#
#####~~~~~## #.# #.#
#~~~~~~~# #.# #.#
####~~...~~###'## #.#
#..'..._.~~##...## #.#
#.##~~...~~#.....## #.###


You could see bmack86's ghost.

Vanquished Creatures
  Sigmund (D:2)
  A gnoll bouda (D:3)
  An iguana (D:3)
  4 gnolls
  A river rat (D:3)
  An adder (D:2)
  2 dart slugs
  5 endoplasms
  4 giant cockroaches
  4 goblins
  A hobgoblin (D:1)
  2 jackals (D:1)
  2 quokkas
  3 ball pythons
  2 bats (D:3)
  A kobold (D:1)
  5 rats
40 creatures vanquished.

Notes
Turn   | Place    | Note
-------+----------+-------------------------------------------
     0 | D:1      | jejorda2 the Merfolk Berserker began the quest for the Orb.
     0 | D:1      | Reached XP level 1. HP: 18/18 MP: 1/1
   321 | D:1      | Reached XP level 2. HP: 18/24 MP: 2/2
   512 | D:1      | Reached skill level 1 in Polearms
   522 | D:1      | Found a faded altar of an unknown god.
   737 | D:1      | Reached XP level 3. HP: 22/29 MP: 3/3
   870 | D:2      | Noticed Sigmund
   897 | D:2      | Killed Sigmund
   898 | D:2      | Reached XP level 4. HP: 27/37 MP: 4/4
   898 | D:2      | Reached XP level 5. HP: 31/42 MP: 5/5
  1302 | D:2      | Reached ** piety under Trog
  1410 | D:2      | You fall into a shaft and drop 1 floor!
  1644 | D:3      | Reached XP level 6. HP: 48/48 MP: 6/6
  1774 | D:3      | Found a runed translucent door.
  1780 | D:3      | Noticed bmack86's ghost (weakling MiFi)
  2150 | D:3      | Found a shimmering blue altar of Sif Muna.
  2188 | D:3      | Found a runed translucent door.
  2314 | D:3      | Slain by bmack86's ghost

Illustrated notes

Levels and vault maps discovered:
D:1:      erik_arrival_orb_chamber, layout_basic,
          shapermc_ecumenical_altar_venn, minmay_misc_feat_rugged
D:2:      layout_basic, uniq_sigmund
D:3:      layout_loops_corners, led_sif_pool, ebering_ghost_sewer_f,
          nicolae_grassy_gnolls

Skill      XL: |  1  2  3  4  5  6 |
---------------+-------------------+-----
Polearms       | 1 2 3 |  3.4
Fighting       | 4 |  4.4
Axes           | 3 4 |  4.1
Armour         | 2 |  2.5
Dodging        | |  2.6

Action                     |  1- 3 |  4- 6 || total
---------------------------+-------+-------++-------
  Melee: Quarterstaff      |    66 |       ||    66
         Hand axe          |    12 |       ||    12
         Halberd           |       |    80 ||    80
  Throw: Stone             |       |     2 ||     2
 Invoke: Berserk           |     1 |     2 ||     3
   Stab: Sleeping          |       |     1 ||     1
 Armour: Animal skin       |     3 |       ||     3
         Leather armour    |     7 |     8 ||    15
         Chain mail        |       |    12 ||    12
  Dodge: Dodged            |    38 |    31 ||    69

Table legend: (Time is in decaauts)
 A = Elapsed time spent in this place.
 B = Non-inter-level travel time spent in this place.
 C = Inter-level travel time spent in this place.
 D = Time resting spent in this place.
 E = Time spent auto-exploring this place.
 F = Levels seen in this place.
 G = Mean time per level.
                   A        B        C        D        E       F      G
               +--------+--------+--------+--------+--------+-----+--------+
         Total |   2367 |   2303 |     64 |    118 |   1745 |   3 |  789.0 |
       Dungeon |   2367 |   2303 |     64 |    118 |   1745 |   3 |  789.0 |
               +--------+--------+--------+--------+--------+-----+--------+

Top non-repeatable levels by time:
     D:1: 953 daAuts
     D:3: 924 daAuts
     D:2: 490 daAuts
